 Dungeon Crawl Stone Soup version 0.16.2-12-gd0ad4c3 (webtiles) character file.

410 Peloso the Shield-Bearer (level 6, -1/53 HPs)
             Began as a Minotaur Fighter on Oct 3, 2015.
             Slain by Blork the orc
             ... wielding a +0 battleaxe
              (7 damage)
             ... on level 4 of the Dungeon.
             The game lasted 00:13:04 (2957 turns).

Peloso the Shield-Bearer (Minotaur Fighter)         Turns: 2957, Time: 00:13:04

Health: -1/53      AC: 10    Str: 21    XL:     6   Next: 58%
Magic:  3/3        EV:  9    Int:  5    God:
Gold:   212        SH: 10    Dex: 11    Spells: 0 memorised, 5 levels left

rFire  . . .     SeeInvis .     a - +1 long sword
rCold  . . .     Clarity  +     b - +0 scale mail
rNeg   + . .     SustAb   .     c - +0 shield
rPois  .         Gourm    .     (helmet restricted)
rElec  .         Spirit   .     (no cloak)
rCorr  .         Warding  .     p - +1 pair of gloves
rMut   .         Stasis   .     r - +0 pair of boots
MR     .....                    B - amulet of clarity
Stlth  ..........               s - ring of positive energy
                                i - ring of loudness

@: not resistant to hostile enchantments, extremely unstealthy
A: retaliatory headbutt, horns 2
a: no special abilities


You were on level 4 of the Dungeon.
You were hungry.

You visited 1 branch of the dungeon, and saw 4 of its levels.
You also visited: Sewer.

You collected 212 gold pieces.

Inventory:

Hand weapons
 a - a +1 long sword (weapon)
 n - a +1 whip of flaming
Armour
 b - a +0 scale mail (worn)
 c - a +0 shield (worn)
 p - a +1 pair of gloves (worn)
 r - a +0 pair of boots (worn)
Jewellery
 f - an uncursed amulet of stasis
 i - a ring of loudness (left hand)
 s - a ring of positive energy (right hand)
 B - an amulet of clarity (around neck)
Magical devices
 w - a wand of paralysis (4)
Scrolls
 l - 2 scrolls of remove curse
 u - 2 scrolls of enchant weapon
 x - a scroll of fog
Potions
 e - a potion of might
 g - 3 potions of brilliance
 h - 3 potions of restore abilities
 m - a potion of cure mutation
 t - a potion of curing
 v - a potion of lignification {unknown}
 C - a potion of flight {unknown}
 G - a potion of haste {unknown}
Books
 A - a book of Enchantments

   Spells                             Type                      Level
   a - Tukima's Dance                 Hexes                        3
   b - Cause Fear                     Hexes                        4
   c - Silence                        Hexes/Air                    5
   d - Deflect Missiles               Charms/Air                   6
   e - Haste                          Charms                       6
   f - Discord                        Hexes                        8
 D - Kikubaaqudgha's Reference Book on Sinister Secrets
   (You found it on level 3 of the Dungeon)

   Spells                             Type                      Level
   a - Pain                           Necromancy                   1
 E - Sif Muna's Grimoire of Battle Magic
   (You found it on level 3 of the Dungeon)

   Spells                             Type                      Level
   a - Flame Tongue                   Conjuration/Fire             1
 F - Vehumet's Collected Works on Conjuration
   (You found it on level 3 of the Dungeon)

   Spells                             Type                      Level
   a - Magic Dart                     Conjuration                  1
Comestibles
 d - 3 bread rations
 j - 2 meat rations
 k - 4 chunks of flesh
 q - a slice of pizza


   Skills:
 + Level 4.7 Fighting
 + Level 3.6 Long Blades
 + Level 5.4 Armour
 + Level 3.4 Dodging
 + Level 0.3 Stealth
 + Level 5.4 Shields


You had 5 spell levels left.
You didn't know any spells.

Dungeon Overview and Level Annotations

Branches:
Dungeon (4/15)
 Temple: D:4-7

Altars:
Kikubaaqudgha
Qazlal
Sif Muna
Vehumet
Zin

Shops:
D:4 :

Annotations:
D:4 Blork the orc


Innate Abilities, Weirdness & Mutations

You reflexively headbutt those who attack you in melee.
You have a pair of horns on your head.


Message History

You slash the orc!
You kill the orc!
The orc's corpse disappears in a puff of smoke!
Unknown command.
You slash something! Something hits you but does no damage.
You block its attack.
Unknown command.
You miss something. You block its attack.
You hit something. You headbutt something.
You hear some strange, mumbled words.
The puff of frost hits you!
You hear some strange, mumbled words.
The puff of frost hits you!
You miss something. Your headbutt misses something. Something hits you!
You hit something. Something hits you.
* * * LOW HITPOINT WARNING * * *
Something hits you!
* * * LOW HITPOINT WARNING * * *
You slash something! Something hits you!
You die...

#...............# #....#
#......[........# #...##
#...............# ##...#
#..^............# #....#
#..#............## ##....#
#.. #..∩........## #....##
#.. #.........g## #....# ##
#.........{#### ##....#
#........##@..### #.....#...
#############...###.........
##..............
#.##............
######......... #.........
......... .##..... .# #...


You could see a hobgoblin.

Vanquished Creatures
  The ghost of CcS the Sneak, an average FeEn (D:3)
  An iguana (D:3)
  A worker ant (D:4)
  Natasha (twice) (D:3)
  Robin (D:4)
  7 adders
  A shadow imp (D:3)
  9 giant mites (Sewer)
  2 worms
  2 orcs
  14 giant cockroaches
  14 hobgoblins
  7 jackals
  8 oozes
  2 quokkas (D:3)
  14 ball pythons
  13 bats
  9 giant geckos
  8 giant newts
  13 goblins
  7 kobolds
  7 rats
143 creatures vanquished.

Notes
Turn   | Place    | Note
--------------------------------------------------------------
     0 | D:1      | Peloso, the Minotaur Fighter, began the quest for the Orb.
     0 | D:1      | Reached XP level 1. HP: 19/19 MP: 1/1
    52 | D:1      | Reached XP level 2. HP: 13/27 MP: 1/1
    63 | D:1      | Reached skill level 4 in Fighting
   289 | D:1      | Reached XP level 3. HP: 31/33 MP: 2/2
   789 | D:2      | Reached XP level 4. HP: 36/40 MP: 2/2
   930 | D:2      | Reached skill level 1 in Dodging
  1111 | D:3      | Found a glowing drain.
  1116 | Sewer    | Entered a sewer
  1298 | Sewer    | Reached XP level 5. HP: 20/46 MP: 2/2
  1529 | Sewer    | Reached skill level 5 in Shields
  1856 | D:3      | Reached skill level 5 in Armour
  1937 | D:3      | Found a stormy altar of Qazlal.
  1975 | D:3      | Noticed CcS's ghost (average FeEn)
  1997 | D:3      | Killed CcS's ghost
  1997 | D:3      | Reached XP level 6. HP: 32/53 MP: 3/3
  2053 | D:3      | Found an ancient bone altar of Kikubaaqudgha.
  2057 | D:3      | Identified Kikubaaqudgha's Reference Book on Sinister Secrets
  2061 | D:3      | Found a deep blue altar of Sif Muna.
  2065 | D:3      | Identified Sif Muna's Grimoire of Battle Magic
  2069 | D:3      | Found a radiant altar of Vehumet.
  2073 | D:3      | Identified Vehumet's Collected Works on Conjuration
  2240 | D:3      | Found a glowing silver altar of Zin.
  2240 | D:3      | Noticed Natasha
  2251 | D:3      | HP: 2/53 [white imp/puff of frost[Natasha] (2)]
  2252 | D:3      | Killed Natasha
  2645 | D:3      | Noticed Natasha
  2653 | D:3      | Killed Natasha
  2811 | D:4      | Noticed Robin
  2827 | D:4      | Killed Robin
  2905 | D:4      | Found Tryoplas' Book Emporium.
  2926 | D:4      | Noticed Blork the orc
  2957 | D:4      | Slain by Blork the orc

Action                   |  1- 3 |  4- 6 || total
-------------------------+-------+-------++-------
Melee: Long sword        |    85 |   294 ||   379
  Use: Scroll            |       |    10 ||    10
       Potion            |       |     1 ||     1
  Eat: Chunk             |       |     7 ||     7
